 Dungeon Crawl Stone Soup version 0.31-a0-986-g5e6e4ef867 (webtiles) character file.

Game seed: 16781662882713638252

19 sammy202020 the Insei (level 2, 0/16 HPs)
             Began as a Vampire Shapeshifter on Nov 9, 2023.
             Slain by an adder (3 damage)
             ... on level 2 of the Dungeon.
             The game lasted 00:01:11 (952 turns).

sammy202020 the Insei (Vampire Shapeshifter)         Turns: 952, Time: 00:01:12

Health: 0/16       AC:  3    Str: 13    XL:     2   Next: 55%
Magic:  2/2        EV: 12    Int: 12    God:
Gold:   35         SH:  0    Dex: 13    Spells: 1/1 levels left

rFire   . .          .
                       - Unarmed
rCold   + + .        (no shield)
rNeg    + + +        g - +0 leather armour
rPois   ∞            (no helmet)
rElec   .            (no cloak)
rCorr   .            (no gloves)
SInv    +            (no boots)
Will    .....        (no amulet)
Stlth   +++          (no ring)
HPRegen 0.00/turn    (no ring)
MPRegen 0.08/turn

%: no passive effects
@: bloodless, inhibited regen
A: bloodless, fangs 3, see invisible, vampiric 1
a: Revivify


You were on level 2 of the Dungeon.
You visited 1 branch of the dungeon, and saw 2 of its levels.

You collected 35 gold pieces.

Inventory:

Armour
 a - a +1 animal skin
 g - a +0 leather armour (worn)
Talismans
 c - a beast talisman
 d - a flux talisman
Scrolls
 f - 2 scrolls of identify {unknown}
Potions
 b - a potion of lignification
 e - a potion of attraction {unknown}


   Skills:
 * Level 1.3 Fighting
 + Level 0.3 Armour
 + Level 2.3 Dodging
 * Level 3.5 Unarmed Combat
 * Level 3.5 Shapeshifting


You had one spell level left.
You didn't know any spells.
Your spell library contained the following spells:

 Spells                   Type           Power      Damage    Failure   Level
 Sublimation of Blood     Necr           0%         N/A       54%         2
 Wereblood                Tmut           0%         N/A       54%         2
 Summon Hydra             Summ           0%         N/A       100%        7


Dungeon Overview and Level Annotations

Branches:
Dungeon (2/15)

Altars:


Innate Abilities, Weirdness & Mutations

You do not regenerate when monsters are visible.
You are frail without blood (-20% HP).
You can heal yourself when you bite living creatures.
You are immune to poison.
You have razor-sharp teeth.
You have supernaturally acute eyesight. (SInv)
You are afflicted with vampirism.


Message History

The jackal bites you but does no damage.
The jackal closely misses you. The hobgoblin barely misses you.
The adder bites you but does no damage.
You closely miss the adder. You bite the adder.
You draw the adder's blood!
You feel better.
The adder is heavily wounded.
The jackal bites you.
The jackal bites you but does no damage.
The adder bites you but does no damage. The hobgoblin hits you.
The jackal misses you. The jackal barely misses you. The jackal misses you.
You see here a jackal corpse.
The jackal attacks as it pursues you! The jackal closely misses you.
The adder bites you.
There is an open door here.
The jackal attacks as it pursues you! The jackal barely misses you.
You hit the jackal.
The jackal is moderately wounded.
The jackal bites you but does no damage.
You closely miss the jackal.
The jackal is moderately wounded.
The adder barely misses you.
The jackal bites you but does no damage.
The adder barely misses you.
You closely miss the jackal.
The jackal is moderately wounded.
The jackal bites you but does no damage.
The adder closely misses you. The jackal bites you.
You hit the jackal but do no damage. The adder closely misses you.
The jackal bites you but does no damage.
You hit the jackal.
The jackal is severely wounded.
The adder bites you. The jackal bites you.
* * * LOW HITPOINT WARNING * * *
The rat twitches its whiskers.
Okay, then.
The adder attacks as it pursues you! The adder misses you. The adder bites you.
* * * LOW HITPOINT WARNING * * *
The adder attacks as it pursues you! The adder bites you.
You die...

#...## #.#..# #.##.#
#.##.# #.##.#
#.##.#################
#.....................
#######..####.........
##.@S.#.........
####.#.........
#hhgg.......
###r...####. ##).##
##.# ..# #.# ..


You could see an adder, a jackal, a hobgoblin and a rat.

Vanquished Creatures
  A dart slug (D:2)
  3 endoplasms (D:1)
  3 goblins
  A hobgoblin (D:1)
  A jackal (D:2)
  A quokka (D:2)
  2 bats (D:1)
  A kobold (D:2)
  2 rats
15 creatures vanquished.

Notes
Turn   | Place    | Note
-------+----------+-------------------------------------------
     0 | D:1      | sammy202020 the Vampire Shapeshifter began the quest for
                  | the Orb.
     0 | D:1      | Reached XP level 1. HP: 14/14 MP: 1/1
    93 | D:1      | Reached skill level 1 in Fighting
   452 | D:1      | Reached XP level 2. HP: 13/16 MP: 2/2
   952 | D:2      | Slain by an adder

Illustrated notes

Levels and vault maps discovered:
D:1:      amcnicky_arrival_single_pillar, layout_basic
D:2:      layout_basic, serial_bayou_lagoon_a

Skill      XL: |  1 |
---------------+----+-----
Fighting       | 1 |  1.3
Armour         | |  0.3
Dodging        | |  2.3
Unarmed Combat | |  3.5
Shapeshifting  | |  3.5

Action                     || total
---------------------------++-------
  Melee: Unarmed           ||    52
         Bite              ||     6
         Punch             ||     3
Ability: Exsanguinate      ||     1
    Use: Scroll            ||     2
   Stab: Sleeping          ||    11
 Armour: Animal skin       ||    15
         Leather armour    ||    18
  Dodge: Dodged            ||    29

Table legend: (Time is in decaauts)
 A = Elapsed time spent in this place.
 B = Non-inter-level travel time spent in this place.
 C = Inter-level travel time spent in this place.
 D = Time resting spent in this place.
 E = Time spent auto-exploring this place.
 F = Levels seen in this place.
 G = Mean time per level.
                   A        B        C        D        E       F      G
               +--------+--------+--------+--------+--------+-----+--------+
         Total |    956 |    956 |      0 |      0 |    784 |   2 |  478.0 |
       Dungeon |    956 |    956 |      0 |      0 |    784 |   2 |  478.0 |
               +--------+--------+--------+--------+--------+-----+--------+

Top non-repeatable levels by time:
     D:1: 752 daAuts
     D:2: 203 daAuts
